 Dungeon Crawl Stone Soup version 0.27.1-33-g824d729ab1 (webtiles) character file.

Game seed: 12384282567388890134

45 sking99 the Firebug (level 3, -3/20 HPs)
             Began as a Deep Elf Fire Elementalist on Dec 8, 2021.
             Slain by a goblin (6 damage)
             ... led by Robin
             ... on level 2 of the Dungeon.
             The game lasted 00:05:24 (1654 turns).

sking99 the Firebug (Deep Elf Fire Elementalist)    Turns: 1654, Time: 00:05:25

Health: -3/20      AC:  2    Str:  6    XL:     3   Next: 42%
Magic:  7/10       EV: 12    Int: 19    God:
Gold:   35         SH:  0    Dex: 15    Spells: 5/9 levels left

rFire    . . .     SeeInvis +   e - +0 dagger
rCold    . . .     Faith    .   (no shield)
rNeg     . . .     Spirit   .   a - +0 robe
rPois    .         Reflect  .   (no helmet)
rElec    .         Harm     .   (no cloak)
rCorr    .         Rampage  .   (no gloves)
Will     .....                  (no boots)
Stlth    ++........             (no amulet)
HPRegen  0.06/turn              j - ring of see invisible
MPRegen  0.12/turn              (no ring)

@: no status effects
A: no striking features
a: no special abilities


You were on level 2 of the Dungeon.
You visited 1 branch of the dungeon, and saw 2 of its levels.

You collected 35 gold pieces.

Inventory:

Hand Weapons
 e - a +0 dagger (weapon)
Armour
 a - a +0 robe (worn)
Jewellery
 j - a ring of see invisible (left hand)
Scrolls
 d - a scroll of magic mapping {unknown}
 f - a scroll of identify {unknown}
 g - a scroll of teleportation {unknown}
 h - a scroll of blinking {unknown}
Potions
 b - a potion of might {unknown}
 c - a potion of haste {unknown}
 i - a potion of flight {unknown}


   Skills:
 + Level 0.7 Fighting
 - Level 2.4 Dodging
 - Level 2.4 Stealth
 + Level 3.5 Spellcasting
 * Level 2.2 Conjurations
 * Level 3.9 Fire Magic


You had 5 spell levels left.
You knew the following spells:

 Your Spells              Type           Power      Damage    Failure   Level
a - Foxfire               Conj/Fire      60%        2x1d7     4%          1
b - Inner Flame           Hex/Fire       10%        N/A       19%         3

Your spell library contained the following spells:

 Spells                   Type           Power      Damage    Failure   Level
 Magic Dart               Conj           48%        1d5       6%          1
 Searing Ray              Conj           24%        3d4       9%          2
 Conjure Flame            Conj/Fire      15%        6-21      12%         3
 Animate Skeleton         Necr           6%         N/A       14%         1
 Pain                     Necr           12%        1d4       14%         1
 Sticky Flame             Conj/Fire      15%        2d4       38%         4
 Vampiric Draining        Necr           1%         2d6       41%         3
 Fulminant Prism          Conj/Hex       3%         3d6       65%         4
 Fireball                 Conj/Fire      7%         3d5       75%         5
 Iskenderun's Battlesphe  Conj           12%        2d7       85%         5
 Conjure Ball Lightning   Conj/Air       3%         3x3d6     100%        6
 Orb of Destruction       Conj           6%         9d3       100%        7


Dungeon Overview and Level Annotations

Branches:
Dungeon (2/15)

Altars:

Annotations:
D:2 Robin


Message History

You completely miss the goblin. The goblin hits you with a +0 dagger.
The goblin barely misses you. The goblin hits you but does no damage.
A goblin opens the large door.
The goblin unwields a +0 club.
The goblin wields a +0 hunting sling.
The goblin shoots a stone.
The stone hits you.
The goblin no longer looks unusually strong.
There is a stone staircase leading down here.
The goblin no longer looks unusually strong.
Robin opens the door.
The goblin no longer looks unusually strong.
Robin roars a battlecry!
The goblins go into a battle-frenzy!
You hear a shout!
There is an open door here.
Robin throws the goblin at you!
You miss the goblin.
The goblin hits you with a +0 dagger. x2
* * * LOW HITPOINT WARNING * * *
You hit the goblin.
The goblin is moderately wounded.
The goblin hits you with a +0 dagger.
* * * LOW HITPOINT WARNING * * *
The goblin barely misses you.
Unknown command.
Casting: Foxfire (safe; 4% risk of failure)
Confirm with . or Enter, or press ? or * to list all spells.
There is not enough space to conjure foxfire!
Casting: Foxfire (safe; 4% risk of failure)
Confirm with . or Enter, or press ? or * to list all spells.
The spell is extremely dangerous to cast (19% risk of failure)!
Continue anyway?
Okay, then.
Casting: Inner Flame (extremely dangerous; 19% risk of failure)
Confirm with . or Enter, or press ? or * to list all spells.
The spell is extremely dangerous to cast (19% risk of failure)!
Continue anyway?
Aiming: Inner Flame (extremely dangerous; 19% risk of failure)
Press: ? - help, Shift-Dir - straight line, f - goblin
Aim: a goblin, wielding a +0 dagger (moderately wounded, strong, chance to affect: 75%)
The goblin is filled with an inner flame.
The goblin no longer looks unusually strong. x2
The goblin hits you with a +0 dagger.
You die...

### #.#
###############.#
#.......g@ggg...#
#.#############g#
#.# #.# #.# #.#
######.# #g#
#......#
####'######
###.####
#.........#
###'#..####
#...g.....#
#.........# #
+..g......#


You could see Robin and 4 goblins.

Vanquished Creatures
  An adder (D:2)
  4 endoplasms
  A giant cockroach (D:2)
  7 goblins
  2 hobgoblins (D:1)
  3 jackals (D:1)
  3 kobolds
  5 quokkas (D:1)
  2 bats
  2 rats
30 creatures vanquished.

Vanquished Creatures (others)
  90 foxfires
90 creatures vanquished.

Grand Total: 120 creatures vanquished

Notes
Turn   | Place    | Note
-------+----------+-------------------------------------------
     0 | D:1      | sking99 the Deep Elf Fire Elementalist began the quest for
                  | the Orb.
     0 | D:1      | Reached XP level 1. HP: 10/10 MP: 6/6
   583 | D:1      | Reached XP level 2. HP: 15/15 MP: 4/8
  1264 | D:2      | Reached XP level 3. HP: 20/20 MP: 5/9
  1520 | D:2      | Learned a level 3 spell: Inner Flame
  1615 | D:2      | Noticed Robin
  1654 | D:2      | Slain by a goblin

Illustrated notes

Levels and vault maps discovered:
D:1:      sevenhm_arrival_forest_fort_large_2, layout_basic
D:2:      layout_basic, grunt_ministairs_15, uniq_robin, uniq_crazy_yiuf_cottage

Skill      XL: |  1  2 |
---------------+-------+-----
Conjurations   | 2 |  2.2
Fighting       | |  0.7
Dodging        | |  2.4
Stealth        | |  2.4
Spellcasting   | |  3.5
Fire Magic     | |  3.9

Action                   || total
-------------------------++-------
Melee: Unarmed           ||     4
       Dagger            ||     3
 Cast: Foxfire           ||    58
       Inner Flame       ||     1
Armor: Robe              ||     3
Dodge: Dodged            ||    10
